cohdb
Replays
Latest Replays
All Replays
Popular Replays
Top Player Replays
Match Explorer
How It Works
Community
CoH3 Stats
Reddit
Sign in to upload your games and track your stats! →
Sign in with Steam
Match 45360500
Unlisted
Match 45360500
Overview
Messages
Build Orders
End
Kradschützen Motorcycle Team
250 Light Carrier
250 Light Carrier
Selects Panzerjäger Kommand Battlegroup
Selects Blockade Equipment
Panzergrenadier Squad
Construct Light Support Kompanie
MG34 Team
Combat Half-tracks
Selects Tank Busters
2.5-tonne Medical Truck
Panzerjäger Mechanized Group
MG34 Team
Forward Retreat Point
Construct Mechanized Kompanie
MG34 Team
254 Reconnaissance Tractor
Panzerjäger Mechanized Group
Construct Panzerarmee Kommand
Selects Crew Shock Tactics
Panzer III L Medium Tank
Panzer III L Medium Tank
Rapid Advance
Vehicle Survival Package
Selects Elefant Tank Destroyer
Elefant Tank Destroyer
8 Rad Armored Car
Panzerjäger Mechanized Group
Emergency Repair Kits
AI Takeover
Jm200092
jmilli10
SoYcD
保持心态
Opuds8
Roopdiggity
FocusFuelOrFaceMyWrath
Deadlych910
0
0
Comments
sign in to comment!
No comments posted yet!